 Dungeon Crawl Stone Soup version 0.31-a0-408-gb642c7f9a3 (webtiles) character file.

Game seed: 11849211299017572155

42 shadowstone the Conjurer (level 3, -3/22 HPs)
             Began as a Gargoyle Reaver on July 29, 2023.
             Frozen to death by an endoplasm (4 damage)
             ... on level 2 of the Dungeon.
             The game lasted 00:04:43 (1188 turns).

shadowstone the Conjurer (Gargoyle Reaver)          Turns: 1188, Time: 00:04:45

Health: -3/22      AC: 11    Str: 15    XL:     3   Next: 56%
Magic:  6/6        EV:  7    Int: 15    God:
Gold:   73         SH:  0    Dex:  8    Spells: 5/6 levels left

rFire   . . .        c - +2 spear (venom)
rCold   . . .        (no shield)
rNeg    + . .        f - +0 chain mail
rPois   ∞            (no helmet)
rElec   +            (no cloak)
rCorr   .            (no gloves)
SInv    .            (no boots)
Will    .....        (no amulet) Stlth
                     (no ring)
HPRegen 0.23/turn    (no ring)
MPRegen 0.10/turn

%: no passive effects
@: no status effects
A: sickness immunity, AC +3, negative energy resistance 1, electricity
resistance, torment resistance 1, petrification resistance
a: no special abilities


You were on level 2 of the Dungeon.
You visited 1 branch of the dungeon, and saw 2 of its levels.

You collected 73 gold pieces.

Inventory:

Hand Weapons
 a - a +0 falchion
 c - a +2 spear of venom (weapon)
 g - a +1 dagger of draining
Armour
 b - a +0 leather armour
 f - a +0 chain mail (worn)
Scrolls
 d - a scroll of noise {unknown}
Potions
 e - 3 potions of curing {unknown}
 h - a potion of degeneration {unknown}


   Skills:
 + Level 2.3 Fighting
 + Level 3.1 Long Blades
 + Level 1.0 Polearms
 + Level 0.2 Armour
 + Level 1.6 Dodging
 * Level 2.2 Spellcasting
 + Level 3.7 Conjurations


You had 5 spell levels left.
You knew the following spells:

 Your Spells              Type           Power      Damage    Failure   Level
a - Kiss of Death         Conj/Necr      28%        2d7       86%         1

Your spell library contained the following spells:

 Spells                   Type           Power      Damage    Failure   Level
 Momentum Strike          Conj/Tloc      14%        3d8       94%         2
 Lesser Beckoning         Tloc           2%         N/A       99%         2
 Hailstorm                Conj/Ice       7%         3d4       99%         3
 Gell's Gravitas          Tloc           1%         N/A       100%        3
 Teleport Other           Tloc           1%         N/A       100%        3
 Dispel Undead            Necr           1%         3d6       100%        4
 Death Channel            Necr           0%         N/A       100%        6
 Cigotuvi's Dreadful Rot  Necr/Pois/Air  Unusable   N/A       N/A         2

Dungeon Overview and Level Annotations

Branches:
Dungeon (2/15)

Altars:

Annotations:
D:2 Jessica


Innate Abilities, Weirdness & Mutations

You are immune to sickness and miasma.
Your stone body is resilient. (AC +3)
You are immune to poison.
You resist negative energy. (rN+)
You are resistant to electric shocks. (rElec)
You are resistant to unholy torment.
You are immune to petrification.


Message History

You hit the hobgoblin.
The hobgoblin is poisoned.
The hobgoblin is heavily wounded.
The jackal bites you but does no damage.
The hobgoblin hits you but does no damage.
The kobold closely misses you. The endoplasm freezes you.
You are frozen.
* * * LOW HITPOINT WARNING * * *
The jackal bites you but does no damage.
You hit the hobgoblin.
You kill the hobgoblin!
The jackal bites you but does no damage.
The kobold closely misses you. The endoplasm barely misses you.
Jessica says, "Why did you come here?" The adder bites you but does no damage.
You hit the adder.
The adder is poisoned.
The adder is severely wounded.
The jackal bites you but does no damage.
The kobold barely misses you. The endoplasm freezes you.
You are frozen.
* * * LOW HITPOINT WARNING * * *
The adder bites you but does no damage.
The jackal bites you but does no damage.
You closely miss the adder.
The adder is almost dead.
The jackal bites you but does no damage.
The kobold hits you but does no damage. The endoplasm freezes you.
You are frozen.
* * * LOW HITPOINT WARNING * * *
The adder bites you but does no damage.
You miss the adder.
The adder is almost dead.
The jackal barely misses you. The adder bites you but does no damage.
The kobold hits you with a +0 short sword.
* * * LOW HITPOINT WARNING * * *
The endoplasm freezes you.
You are frozen.
You die...

........ .......
.(...... #.... . #... .
#@.#.# #SK#.#### #######
#@h...... ########.....#
#.J..#### #............#
#.##.# #............#
#.# .. #............#
#.# ## #............#
#.# #............# #.#
#............###.##
#.................######


You could see an adder (very poisoned), Jessica, an endoplasm, a jackal and a
kobold.

Vanquished Creatures
  An adder (D:2)
  2 ball pythons (D:1)
  2 endoplasms (D:1)
  2 giant cockroaches
  2 goblins (D:1)
  4 hobgoblins
  3 jackals (D:2)
  6 kobolds
  3 bats (D:1)
  A frilled lizard (D:2)
  3 rats
29 creatures vanquished.

Notes
Turn   | Place    | Note
-------+----------+-------------------------------------------
     0 | D:1      | shadowstone the Gargoyle Reaver began the quest for the
                  | Orb.
     0 | D:1      | Reached XP level 1. HP: 12/12 MP: 3/3
   108 | D:1      | Reached XP level 2. HP: 15/17 MP: 5/5
   824 | D:2      | Reached skill level 1 in Polearms
   824 | D:2      | Reached XP level 3. HP: 20/21 MP: 6/6
  1181 | D:2      | Noticed Jessica
  1188 | D:2      | HP: 1/22 [kobold/+0 short sword (1)]
  1188 | D:2      | Frozen to death by an endoplasm

Illustrated notes

Levels and vault maps discovered:
D:1:      dpeg_arrival_pits, layout_loops_cross, minmay_pentomino_p4
D:2:      layout_basic, uniq_jessica

Skill      XL: |  1  2 |
---------------+-------+-----
Long Blades    | 3 |  3.1
Polearms       | 1 |  1.0
Fighting       | |  2.3
Armour         | |  0.2
Dodging        | |  1.6
Spellcasting   | |  2.2
Conjurations   | |  3.7

Action                     || total
---------------------------++-------
  Melee: Spear             ||    83
         Punch             ||     1
 Armour: Leather armour    ||     6
         Chain mail        ||    81
  Dodge: Dodged            ||    53

Table legend: (Time is in decaauts)
 A = Elapsed time spent in this place.
 B = Non-inter-level travel time spent in this place.
 C = Inter-level travel time spent in this place.
 D = Time resting spent in this place.
 E = Time spent auto-exploring this place.
 F = Levels seen in this place.
 G = Mean time per level.
                   A        B        C        D        E       F      G
               +--------+--------+--------+--------+--------+-----+--------+
         Total |   1192 |   1172 |     20 |      0 |    474 |   2 |  596.0 |
       Dungeon |   1192 |   1172 |     20 |      0 |    474 |   2 |  596.0 |
               +--------+--------+--------+--------+--------+-----+--------+

Top non-repeatable levels by time:
     D:1: 809 daAuts
     D:2: 383 daAuts
